 Dungeon Crawl Stone Soup version 0.30-a0-596-g0af90f9a20 (webtiles) character file.

Game seed: 316457918838780708

142243 freelancePsychic the Warrior (level 17, -9/119 HPs)
             Began as a Tengu Berserker on Jan 5, 2023.
             Was a High Priest of Trog.
             Killed by an exploding swamp dragon (13 damage)
             ... ignited by their inner flame
             ... on level 4 of the Swamp on Jan 6, 2023.
             The game lasted 00:48:15 (26655 turns).

freelancePsychic the Warrior (Tengu Berserker)     Turns: 26655, Time: 00:48:16

Health: -9/119     AC: 26    Str: 22    XL:     17   Next: 35%
Magic:  18/18      EV: 26    Int:  9    God:    Trog [*****.]
Gold:   1418       SH: 13    Dex: 19    Spells: 16/16 levels left

rFire   . . .      SeeInvis .    b - +8 trishula "Condemnation" {holy, anguish, *Noise Fly rN+}
rCold   + . .      Faith    .    P - +0 kite shield
rNeg    + + .      Spirit   .    E - +4 pearl dragon scales
rPois   .          Reflect  .    (helmet restricted)
rElec   .          Harm     .    F - +2 cloak
rCorr   .          Rampage  .    g - +2 pair of gloves of Disaster {Str+3}
Will    +....                    (boots unavailable)
Stlth   ++                       q - amulet of regeneration
HPRegen 1.19/turn                t - ring of protection from cold
MPRegen 0.16/turn                v - +5 ring of evasion

@: about to teleport, flying quickly and evasively, studying Polearms, quick
A: beak, talons 3, nimble flight
a: Renounce Religion, Berserk, Trog's Hand, Brothers in Arms


You were on level 4 of the Swamp.
You worshipped Trog.
Trog was extremely pleased with you.
You visited 4 branches of the dungeon, and saw 26 of its levels.
You also visited: Bailey, Gauntlet, Ice Cave and Volcano.

You collected 3633 gold pieces.
You spent 2215 gold pieces at shops.

Inventory:

Hand Weapons
 a - the +11 short sword of the Girdle {flame, rPois rF+ Will+ Stlth-}
   (You bought it in a shop on level 2 of the Dungeon)

   rF:        It protects you from fire.
   rPois:     It protects you from poison.
   Will:      It increases your willpower.
   Stlth:     It makes you less stealthy.
 b - the +8 trishula "Condemnation" (weapon) {holy, anguish, *Noise Fly rN+}
   (You found it on level 12 of the Dungeon)

   It inflicts anguish, making its victims' attacks reflect back on them.
   rN:        It protects you from negative energy.
   Fly:       It grants you flight.
   *Noise:    It may make noises in combat.
 K - the +7 broad axe of Henotheism {heavy, Drain rPois rN++ Will+++}
   (Trog gifted it to you on level 11 of the Dungeon)

   rPois:     It protects you from poison.
   rN:        It greatly protects you from negative energy.
   Drain:     It drains your maximum health when unequipped.
   Will:      It greatly increases your willpower.
 O - a +3 antimagic quick blade
Missiles
 u - 4 throwing nets (quivered)
Armour
 g - the +2 pair of gloves of Disaster (worn) {Str+3}
   (You acquired it on level 3 of the Dungeon)

   Str:       It affects your strength (+3).
 l - the +1 cloak of Foolhardiness {-Tele rF++ rN+ rCorr}
   (You found it in a Gauntlet)

   rF:        It greatly protects you from fire.
   rN:        It protects you from negative energy.
   -Tele:     It prevents most forms of teleportation.
   rCorr:     It protects you from acid and corrosion.
 E - +4 pearl dragon scales (worn)
 F - a +2 cloak (worn)
 P - a +0 kite shield (worn)
Jewellery
 k - the ring "Ymiatt" {Ice *Slow rElec rN+ Dex+4}
   (You found it in a bailey)

   [ring of ice]

   It enhances your ice magic.
   Dex:       It affects your dexterity (+4).
   rF:        It makes you vulnerable to fire.
   rC:        It protects you from cold.
   rElec:     It insulates you from electricity.
   rN:        It protects you from negative energy.
   *Slow:     It may slow you when you take damage.
 q - an amulet of regeneration (around neck)
 t - a ring of protection from cold (left hand)
 v - a +5 ring of evasion (right hand)
 D - a ring of protection from fire
Wands
 o - a wand of roots (25)
 y - a wand of light (12)
 A - a wand of charming (21)
 I - a wand of digging (2)
 T - a wand of flame (21)
 X - a wand of mindburst (7)
 Y - a wand of polymorph (15)
Scrolls
 c - 3 scrolls of immolation
 f - 13 scrolls of teleportation {@r4}
 j - 5 scrolls of blinking
 n - 2 scrolls of enchant weapon
 p - 4 scrolls of noise
 r - 7 scrolls of vulnerability
 J - 3 scrolls of brand weapon
 Q - 3 scrolls of magic mapping
 R - 6 scrolls of poison
 S - 2 scrolls of fear
 U - a scroll of summoning
 Z - a scroll of acquirement
Potions
 i - 4 potions of ambrosia
 m - 11 potions of lignification
 s - a potion of cancellation
 w - 4 potions of berserk rage
 x - 3 potions of invisibility
 z - 5 potions of flight
 C - a potion of attraction
 G - 9 potions of curing {@q1}
 H - 5 potions of heal wounds {@q2}
 L - 7 potions of might
 M - 7 potions of magic
 N - 4 potions of haste {@q3}
 V - a potion of mutation
Miscellaneous
 d - a phantom mirror
 B - a box of beasts
 W - a phial of floods


   Skills:
 + Level 17.6 Fighting
 - Level 9.6(10.0) Short Blades
 - Level 3.8(7.2) Long Blades
 - Level 14.0 Polearms
 - Level 11.2 Armour
 - Level 15.4 Dodging
 - Level 8.0 Stealth
 * Level 13.0 Shields
 - Level 12.3 Evocations


You had 16 spell levels left.
You didn't know any spells.
Your spell library was empty.

Dungeon Overview and Level Annotations

Branches:
Dungeon (15/15)            Temple (0/1) D:4            Lair (5/5) D:10
  Swamp (4/4) Lair:3       Spider (0/4) Lair:3        Slime (0/5) Lair:5
    Orc (2/2) D:11            Elf (0/3) Orc:2        Vaults (0/5) D:14
 Depths (0/4) D:15         Bailey (visited)           IceCv (visited)
Volcano (visited)         Gauntlet (visited)

Altars:
Ashenzari
Cheibriados
Elyvilon
Fedhas
Gozag
Kikubaaqudgha
Okawaru
Qazlal
Ru
Trog
Uskayaw
Vehumet
Wu Jian
Xom
Yredelemnul
Zin

Shops:
D:2 (   D:6 *?   Orc:2 ([*

Annotations:
D:9 Erolcha
D:12 Gastronok
Swamp:4 Lernaean hydra


Innate Abilities, Weirdness & Mutations

You have a beak for a mouth.
You have claws for feet.
Your magical nature lets you fly swiftly and evasively.


Message History

The fiery explosion engulfs the eight-headed hydra!!
Flame seeps out of the eight-headed hydra.
The eight-headed hydra is severely wounded.
The fiery explosion engulfs the four-headed hydra!!!
Flame seeps out of the four-headed hydra.
The four-headed hydra is heavily wounded.
The fiery explosion engulfs the swamp drake!!
Trog accepts your kill.
The swamp drake explodes!
The fiery explosion engulfs the swamp dragon!!!
Flame seeps out of the swamp dragon.
The swamp dragon is severely wounded.
The fiery explosion engulfs the four-headed hydra!!!
Trog accepts your kill.
The fiery explosion engulfs the four-headed hydra!!
The four-headed hydra is moderately wounded.
The four-headed hydra explodes!
The fiery explosion engulfs the eight-headed hydra!!
Flame seeps out of the eight-headed hydra.
The eight-headed hydra is almost dead.
The fiery explosion engulfs the six-headed hydra!!!
Trog accepts your kill.
The fiery explosion engulfs the swamp dragon!!!
Trog accepts your kill.
The fiery explosion engulfs the four-headed hydra!!
The four-headed hydra is severely wounded.
The fiery explosion engulfs you!!
* * * LOW HITPOINT WARNING * * *
The fiery explosion engulfs the bog body!!
The bog body resists.
Flame seeps out of the bog body.
The bog body is severely damaged.
The fiery explosion engulfs the foxfire.
The foxfire completely resists.
The swamp dragon explodes!
The fiery explosion engulfs the four-headed hydra!!!
You kill the four-headed hydra!
Trog accepts your kill.
The fiery explosion engulfs the foxfire.
The foxfire completely resists.
The fiery explosion engulfs you!
You die...

♣~. ≈ ~~♣...♣
♣...~i ♣~ ≈≈
~§~..~~♣♣~.§~. ♣
♣♣ .~~~~..♣~.~D○○
♣~~~~~..~~~§○w
♣.~~~.....~k○○
♣♣♣♣♣♣...D~.§
#####~[†...~.~~~#
##.§§####...#+####
#@D○§.#...~.○.~~#.
#n§○§§#~(..○DP(.#.
#.§§§§#§~.......#.
##§§v§§§8.....(.+.
####D#§§~###...#'
...~§§.#..8~..
()(.v.v.#.~~8.8
.....P~~.#.~..~.
#... #⌠~..#~


You could see an eight-headed hydra (inner flame, corroded), a swamp dragon
(inner flame), a will-o-the-wisp and a bog body (inner flame).

Vanquished Creatures
  A tengu reaver (D:13)
  An orc warlord (Bailey)
  Louise (Swamp:2)
  A ghoul (Swamp:1)
  6 eleionomae (Swamp:1)
  2 bunyips (Swamp:2)
  A fire dragon (Volcano)
  2 shambling mangroves
  10 hydras
  The ghost of bmack86 the Cleaver, a journeyman MiFi of Okawaru (Lair:1)
  4 catoblepae
  6 centaur warriors
  2 dancing weapons (D:14)
  6 death yaks (Lair:5)
  6 alligators
  5 two-headed ogres
  4 boulder beetles
  7 tengu warriors
  5 goliath frogs
  9 skeletal warriors
  2 spriggan druids (Swamp:4)
  2 deep trolls (D:15)
  6 swamp dragons
  8 bog bodies
  A lindwurm (Lair:5)
  Pikel (D:3)
  A wizard (D:15)
  3 deep elf pyromancers
  2 wolf spiders (D:13)
  5 orc knights
  4 cyclopes
  8 ugly things
  An orc sorcerer (Orc:1)
  2 will-o-the-wisps
  7 elephants
  4 manticores
  A moth of wrath (shapeshifter) (D:15)
  4 black mambas
  12 slime creatures
  2 ice statues (IceCv)
  Joseph (D:7)
  2 molten gargoyles (Gauntlet)
  A black mamba (shapeshifter) (D:14)
  A torpor snail (Lair:5)
  A water nymph (shapeshifter) (D:13)
  10 cane toads
  An orange demon (Lair:3)
  Maggie (D:6)
  A rime drake (shapeshifter) (D:13)
  A gargoyle (Gauntlet)
  Psyche (D:9)
  8 komodo dragons
  3 rime drakes
  6 ice devils (IceCv)
  An efreet (D:13)
  A freezing wraith (IceCv)
  3 tengu conjurers
  10 meliai
  Grinder (D:6)
  A merfolk (shapeshifter) (D:13)
  6 hornets
  A polar bear (Lair:3)
  9 trolls
  4 tyrant leeches
  Prince Ribbit (D:7)
  10 dream sheep
  4 centaur simulacra
  67 yaks
  4 spriggans
  Sigmund (D:4)
  A vampire (D:11)
  10 fire bats (Volcano)
  6 wyverns
  A shadow (D:10)
  A wraith (D:13)
  4 death yak simulacra
  3 basilisks
  3 steam dragons (Volcano)
  3 redbacks (Lair:3)
  14 vampire mosquitoes
  14 swamp worms
  11 water moccasins
  A hell hound (Volcano)
  Duvessa (D:7)
  A water moccasin (shapeshifter) (D:13)
  4 swamp drakes
  41 orc warriors
  4 ice beasts
  A sky beast (D:7)
  4 ogres
  12 wolves
  18 centaurs
  A phantom (D:4)
  A kobold brigand (D:7)
  8 bullfrogs
  3 necrophages
  5 gnoll sergeants
  7 two-headed ogre simulacra
  3 cane toad simulacra
  6 scorpions
  4 wights (D:6)
  Dowan (D:7)
  9 killer bees (D:9)
  An elephant simulacrum (IceCv)
  A howler monkey (D:14)
  4 jellies (Lair:5)
  10 orc priests
  3 hounds
  2 iguanas
  20 orc wizards
  7 hell rats (Lair:2)
  A spriggan simulacrum (D:12)
  2 polar bear simulacra
  3 wolf simulacra
  29 gnolls
  11 adders
  5 naga simulacra
  2 shadow imps
  2 white imps
  4 ufetubi
  2 dart slugs
  87 orcs
  5 ball pythons
  7 bats
  7 endoplasms
  3 giant cockroaches
  19 goblins
  24 hobgoblins
  A quokka (D:2)
  4 frilled lizards
  11 kobolds
  6 rats
807 creatures vanquished.

Vanquished Creatures (collateral kills)
  Frances (Swamp:1)
  A minotaur (Gauntlet)
  A hydra (Swamp:2)
  A tengu warrior (Gauntlet)
  An alligator (Swamp:2)
  Amaemon (Lair:3)
  A cyclops (Orc:2)
  A tyrant leech (Swamp:2)
  A warg (Orc:2)
  An ogre (D:6)
  Blork the orc (D:6)
  5 wights (D:6)
  An orc priest (Orc:2)
  An orc wizard (Orc:2)
  An orc (Orc:2)
19 creatures vanquished.

Vanquished Creatures (others)
  A hydra (Swamp:4)
  A tengu warrior (D:13)
  A skeletal warrior (D:15)
  A swamp dragon (Swamp:1)
  An ugly thing (D:14)
  2 tengu conjurers
  2 meliai
  3 bloated husks
  A tyrant leech (Swamp:2)
  A fire bat (Volcano)
  2 swamp worms
  A swamp drake (Swamp:4)
  3 orc warriors (Orc:2)
  An orc wizard (Orc:2)
  6 foxfires
  28 fungi
  25 plants
80 creatures vanquished.

Grand Total: 906 creatures vanquished

Notes
Turn   | Place    | Note
-------+----------+-------------------------------------------
     0 | D:1      | freelancePsychic the Tengu Berserker began the quest for
                  | the Orb.
     0 | D:1      | Reached XP level 1. HP: 14/14 MP: 2/2
    90 | D:1      | Reached skill level 1 in Stealth
    95 | D:1      | Reached XP level 2. HP: 19/19 MP: 3/3
   860 | D:2      | Reached XP level 3. HP: 23/23 MP: 4/4
   950 | D:2      | Found Cenwia Kehef's Weapon Shop.
   980 | D:2      | Reached ** piety under Trog
  1587 | D:2      | Identified a scroll of acquirement
  1588 | D:2      | Acquired 1093 gold pieces
  1609 | D:2      | Bought the +11 short sword of the Girdle {flame, rPois rF+
                  | Will+ Stlth-} for 828 gold pieces
  1643 | D:3      | Reached skill level 1 in Short Blades
  1643 | D:3      | Reached XP level 4. HP: 27/28 MP: 5/5
  1797 | D:3      | Acquired a manual of Evocations
  1799 | D:3      | Acquired the +2 pair of gloves of Disaster {Str+3}
  1806 | D:3      | Acquired a manual of Dodging
  2189 | D:3      | Found a basalt altar of Yredelemnul.
  2189 | D:3      | Found a faded altar of an unknown god.
  2197 | D:3      | Gained mutation: Your magical nature lets you fly swiftly
                  | and evasively. [Tengu growth]
  2197 | D:3      | Reached XP level 5. HP: 32/32 MP: 6/6
  2209 | D:3      | Found a snail-covered altar of Cheibriados.
  2211 | D:3      | Found a faded altar of an unknown god.
  2213 | D:3      | Found a white marble altar of Elyvilon.
  2316 | D:3      | Reached *** piety under Trog
  2320 | D:3      | Found a stormy altar of Qazlal.
  2486 | D:4      | Noticed Pikel
  2487 | D:4      | Noticed a lemure
  2489 | D:4      | Noticed a lemure
  2489 | D:4      | Noticed a lemure
  2496 | D:3      | Killed Pikel
  2497 | D:3      | Reached skill level 4 in Fighting
  2497 | D:3      | Reached skill level 5 in Dodging
  2497 | D:3      | Reached XP level 6. HP: 39/39 MP: 7/7
  2497 | D:3      | Reached XP level 7. HP: 44/44 MP: 8/8
  2556 | D:4      | Found a broken altar of Ashenzari.
  2560 | D:4      | Found a radiant altar of Vehumet.
  2565 | D:4      | Found a sacrificial altar of Ru.
  2805 | D:4      | Noticed Sigmund
  2830 | D:4      | Killed Sigmund
  2831 | D:4      | Reached skill level 5 in Fighting
  2831 | D:4      | Reached skill level 5 in Short Blades
  2831 | D:4      | Reached XP level 8. HP: 49/49 MP: 9/9
  2884 | D:4      | Found a staircase to the Ecumenical Temple.
  3127 | D:5      | Entered Level 5 of the Dungeon
  3156 | D:5      | Found a shimmering altar of Xom.
  3158 | D:5      | Noticed a two-headed ogre
  3274 | D:5      | Reached skill level 1 in Evocations
  3278 | D:5      | Reached **** piety under Trog
  3343 | D:5      | Found an ancient bone altar of Kikubaaqudgha.
  3388 | D:5      | Reached skill level 6 in Fighting
  3475 | D:5      | Killed a two-headed ogre
  3476 | D:5      | Reached XP level 9. HP: 45/56 MP: 10/10
  3612 | D:5      | Found a hide-covered altar of Uskayaw.
  3613 | D:5      | Noticed a troll
  3634 | D:5      | Killed a troll
  3635 | D:5      | Reached skill level 5 in Evocations
  3895 | D:6      | Reached skill level 7 in Fighting
  3907 | D:6      | Reached skill level 10 in Dodging
  3950 | D:6      | Found Jutuytibb's Magic Scroll Shoppe.
  3950 | D:6      | Noticed Maggie
  3965 | D:6      | Killed Maggie
  3995 | D:6      | Bought a scroll of enchant armour for 105 gold pieces
  3995 | D:6      | Bought a scroll of identify for 28 gold pieces
  3995 | D:6      | Bought a scroll of identify for 28 gold pieces
  3995 | D:6      | Bought a scroll of identify for 28 gold pieces
  3995 | D:6      | Bought a scroll of identify for 28 gold pieces
  4113 | D:6      | Found Weym's Lightly-Used Armoury.
  4207 | D:6      | Noticed Grinder
  4217 | D:6      | Reached XP level 10. HP: 55/64 MP: 11/11
  4217 | D:6      | Noticed Blork the orc
  4231 | D:6      | Killed Blork the orc
  4232 | D:6      | Reached skill level 8 in Fighting
  4239 | D:6      | Killed Grinder
  4321 | D:6      | Found an ornate altar of the Wu Jian Council.
  4364 | D:6      | Found a bloodstained altar of Trog.
  4364 | D:6      | Found an iron altar of Okawaru.
  4563 | D:7      | Noticed Joseph
  4577 | D:7      | Killed Joseph
  4729 | D:7      | Noticed Duvessa
  4739 | D:7      | Killed Duvessa
  4740 | D:7      | Noticed Dowan
  4745 | D:7      | Killed Dowan
  4763 | D:7      | Noticed Prince Ribbit
  4804 | D:7      | Killed Prince Ribbit
  4808 | D:7      | Reached skill level 9 in Fighting
  5273 | D:8      | Found a flagged portal.
  5278 | D:8      | Reached ***** piety under Trog
  5298 | Bailey   | Entered a bailey
  5413 | Bailey   | Reached skill level 10 in Fighting
  5486 | Bailey   | Received a gift from Trog
  5520 | Bailey   | Reached XP level 11. HP: 59/72 MP: 12/12
  5604 | Bailey   | Noticed an orc warlord
  5624 | Bailey   | Killed an orc warlord
  5663 | Bailey   | Identified the ring "Ymiatt" {Ice *Slow rElec rN+ Dex+4}
  5682 | Bailey   | Reached skill level 11 in Fighting
  5682 | Bailey   | Reached XP level 12. HP: 80/80 MP: 13/13
  5732 | D:8      | Reached skill level 10 in Evocations
  5982 | D:8      | Found a glowing silver altar of Zin.
  6861 | D:9      | Noticed Psyche
  6871 | D:9      | Killed Psyche
  6925 | D:9      | Noticed a two-headed ogre
  6938 | D:9      | Killed a two-headed ogre
  6939 | D:9      | Reached skill level 12 in Fighting
  6939 | D:9      | Reached skill level 5 in Stealth
  7128 | D:9      | Noticed Erolcha
  7260 | D:10     | Entered Level 10 of the Dungeon
  7459 | D:10     | Received a gift from Trog
  7629 | D:10     | Reached skill level 5 in Armour
  7803 | D:10     | Found a staircase to the Lair.
  8708 | D:11     | Noticed a boulder beetle
  8734 | D:11     | Killed a boulder beetle
  8858 | D:11     | Noticed a boulder beetle
  8859 | D:11     | Found a staircase to the Orcish Mines.
  8872 | D:11     | Reached ****** piety under Trog
  8900 | D:11     | Killed a boulder beetle
  8901 | D:11     | Reached XP level 13. HP: 47/87 MP: 14/14
  8970 | D:11     | Identified the +7 broad axe of Henotheism {heavy, Drain
                  | rPois rN++ Will+++} (Trog gifted it to you on level 11 of
                  | the Dungeon)
  8970 | D:11     | Received a gift from Trog
  9303 | D:12     | Found a frozen archway.
  9335 | IceCv    | Entered an ice cave
  9384 | IceCv    | Reached skill level 13 in Fighting
 10110 | IceCv    | Noticed a reaper
 10143 | IceCv    | Received a gift from Trog
 10861 | D:12     | Noticed Gastronok
 10896 | Lair:1   | Entered Level 1 of the Lair of Beasts
 11159 | Lair:1   | Noticed bmack86's ghost (journeyman MiFi)
 11312 | Lair:1   | Reached skill level 14 in Fighting
 11567 | Lair:1   | Found a runed translucent door.
 12275 | Lair:1   | Killed bmack86's ghost
 12361 | Lair:2   | Found an opulent altar of Gozag.
 12438 | Lair:2   | You are sucked into a shaft and drop 2 floors!
 12447 | Lair:4   | Found a gate leading to a gauntlet.
 12456 | Gauntlet | Entered a Gauntlet
 12456 | Gauntlet | Found a transporter.
 12456 | Gauntlet | Found a transporter.
 12456 | Gauntlet | Found a transporter.
 12476 | Gauntlet | Found a transporter.
 12490 | Gauntlet | Found a transporter.
 12492 | Gauntlet | Found a transporter.
 12500 | Gauntlet | Found a transporter.
 12543 | Gauntlet | Found a transporter.
 12543 | Gauntlet | Found a transporter.
 12543 | Gauntlet | Found a transporter.
 12591 | Gauntlet | Found a transporter.
 12601 | Gauntlet | Found a transporter.
 12676 | Gauntlet | Reached skill level 10 in Armour
 12677 | Gauntlet | Received a gift from Trog
 12709 | Gauntlet | Identified the +1 helmet of Impatience {rPois rC+ Str+3
                  | Int+3}
 12869 | Gauntlet | Identified the +1 cloak of Foolhardiness {-Tele rF++ rN+
                  | rCorr}
 12908 | Gauntlet | Reached XP level 14. HP: 96/96 MP: 15/15
 13112 | Lair:4   | Identified the +1 scale mail of the Sky {Stlth+}
 13259 | Lair:4   | Reached skill level 15 in Fighting
 14480 | Lair:3   | Found a staircase to the Swamp.
 14510 | Lair:3   | Found a hole to the Spider Nest.
 14638 | Lair:3   | Noticed Amaemon
 14651 | Lair:3   | Reached skill level 1 in Shields
 14653 | Lair:3   | Killed Amaemon
 14867 | Lair:2   | Received a gift from Trog
 15112 | Lair:2   | Identified the +4 chain mail of the Flute {Str+3}
 15263 | Lair:2   | Identified the +4 mace "Ytreikimayv" {venom, Fly}
 15697 | D:6      | Bought -2 pearl dragon scales for 1170 gold pieces
 15923 | Lair:5   | Entered Level 5 of the Lair of Beasts
 16446 | Lair:5   | Reached skill level 5 in Shields
 16457 | Lair:5   | Reached skill level 15 in Dodging
 16728 | Lair:5   | Found a staircase to the Slime Pits.
 16768 | Lair:5   | Reached XP level 15. HP: 87/103 MP: 16/16
 17681 | D:12     | Found the +8 trishula "Condemnation" {holy, anguish, *Noise
                  | Fly rN+}
 17707 | D:12     | Identified the +7 scale mail of Ignis's Displeasure
                  | {Rampage Will+}
 17823 | D:12     | Reached skill level 1 in Polearms
 17832 | D:12     | Identified the +11 battleaxe of Plague {flame, rCorr MP-9
                  | Str+5} (Trog gifted it to you on level 12 of the Dungeon)
 17832 | D:12     | Received a gift from Trog
 18205 | D:12     | Reached skill level 5 in Polearms
 19118 | D:13     | Reached skill level 10 in Polearms
 19627 | D:13     | Noticed a tengu reaver
 19644 | D:13     | Killed a tengu reaver
 20663 | D:14     | Reached skill level 16 in Fighting
 20806 | D:14     | Received a gift from Trog
 20823 | D:14     | Reached XP level 16. HP: 99/110 MP: 17/17
 20867 | D:14     | Found a gate to the Vaults.
 21099 | D:15     | Entered Level 15 of the Dungeon
 21490 | D:15     | Found a blossoming altar of Fedhas.
 21982 | D:15     | Found a staircase to the Depths.
 22273 | Orc:1    | Entered Level 1 of the Orcish Mines
 22334 | Orc:2    | Entered Level 2 of the Orcish Mines
 22442 | Orc:2    | Found a dark tunnel.
 22509 | Volcano  | Entered a volcano
 22803 | Orc:2    | Found a staircase to the Elven Halls.
 23036 | Orc:2    | Received a gift from Trog
 23594 | Orc:2    | Found Pistrisud's Antique Armour Boutique.
 23594 | Orc:2    | Found Sarcheast's Distillery.
 23596 | Orc:2    | Found Durphics's Assorted Antiques.
 23598 | Orc:2    | Found Ownek's Weapon Shop.
 24054 | Swamp:1  | Entered Level 1 of the Swamp
 24102 | Swamp:1  | Reached skill level 10 in Shields
 24157 | Swamp:1  | Noticed Frances
 24172 | Swamp:1  | Killed Frances
 24760 | Swamp:1  | Reached skill level 17 in Fighting
 25408 | Swamp:2  | Noticed Louise
 25441 | Swamp:2  | Killed Louise
 25669 | Swamp:2  | Upgraded the game from 0.30-a0-591-g3c58d2bc28 to
                  | 0.30-a0-596-g0af90f9a20
 25698 | Swamp:2  | Reached XP level 17. HP: 103/117 MP: 18/18
 26499 | Swamp:4  | Entered Level 4 of the Swamp
 26639 | Swamp:4  | Noticed the 27-headed Lernaean hydra
 26655 | Swamp:4  | HP: 4/119 [spore (35)]
 26655 | Swamp:4  | Killed by an exploding swamp dragon... ignited by their
                  | inner flame

Illustrated notes

Levels and vault maps discovered:
D:1:      ncdulo_watergridlock, layout_basic
D:2:      layout_loops_ring, serial_shops, nicolae_shop_crystal, minivault_5
D:3:      layout_basic, chequers_temple_overflow_minitemple,
          lemuel_coloured_pillars_altar
D:4:      layout_basic, grunt_temple_overflow_diamond,
          minmay_temple_entry_wispy, uniq_sigmund, uniq_pikel
D:5:      layout_rooms, nicolae_overflow_crystal_walls, mrwooster_statue_mirror,
          hangedman_feature_mirror
D:6:      layout_basic, grunt_temple_overflow_bloody_war,
          nicolae_wu_jian_wuxing_cycle, minmay_shop_damaged,
          nicolae_stop_n_shop_2, uniq_blork_the_orc, uniq_grinder, uniq_maggie
D:7:      layout_cave_pools, solitary_fountain, nicolae_underground_beach,
          uniq_prince_ribbit1, uniq_joseph, uniq_duvessa
D:8:      layout_basic, mainiacjoe_overflow_24_doors, enter_bailey_3,
          st_stairs_2
D:9:      layout_big_octagon, serial_column_ruins, column_ruins_columns_corner,
          column_ruins_columns_corner, column_ruins_open_tiny,
          column_ruins_grid_4, column_ruins_open_small, column_ruins_grid_1,
          hangedman_decor_push, uniq_psyche, uniq_erolcha
D:10:     layout_long_grid, lair_entry_dummy
D:11:     layout_loops_ring, erik_orc_1
D:12:     layout_long_grid, serial_ice, serial_ice_g, serial_ice_a,
          serial_ice_d, serial_ice_m, portal_ice_cave_entry_ice_simulacra,
          uniq_gastronok
D:13:     minmay_blocking_statues, layout_stronghold, minmay_statues_item,
          st_stairs_12, minmay_evil_grid
D:14:     layout_roguey, erik_vaults_1, serial_corexii_hall,
          corexii_hall_statues_l, corexii_hall_statues_x
D:15:     hangedman_depths_entry_civil_slaughter, layout_basic, fedhas_altar_1
Lair:1:   layout_gridlike, hellmonk_ghost_happy_afterlife, worms_lemuel
Lair:2:   layout_regular_city, basic_altar, grunt_megastairs_1,
          infiniplex_staircase_pool_2
Lair:3:   layout_roguey, swamp_mist, spider_nest_entry_funnel_web, uniq_amaemon
Lair:4:   layout_gridlike, gauntlet_entry_generic, minmay_stone_trees_small
Lair:5:   evilmike_catoblepas_cave, layout_regular_city,
          nicolae_slime_entry_field_trip, lemuel_fruit_fields
Swamp:1:  nicolae_swamp_wrong_neighborhood, layout_basic_swamp,
          evilmike_swamp_ruin_house_3, swamp_pool4, uniq_frances
Swamp:2:  layout_basic_swamp, evilmike_swamp_ruin_house_6, uniq_louise
Swamp:3:  layout_basic_swamp, hangedman_swamp_pad, nicolae_swamp_dense_foliage
Swamp:4:  grunt_swamp_rune_castle, layout_basic_swamp, swamp_pool5,
          uniq_bai_suzhen
Orc:1:    layout_diamond_mine, uniq_harold
Orc:2:    st_orc_rangers, layout_diamond_mine, enter_volcano_1

Skill      XL: |  1  2  3  4  5  6  7  8  9 10 11 12 13 14 15 16 17 |
---------------+----------------------------------------------------+-----
Stealth        | 1 2 3 4 7 8 |  8.0
Short Blades   | 1 4 5 6 8 9 |  9.6
Fighting       | 4 5 6 7 10 11 12 14 15 16 17 | 17.6
Dodging        | 5 6 9 11 12 14 15 | 15.4
Evocations     | 4 5 9 10 12 | 12.3
Armour         | 6 10 11 | 11.2
Shields        | 5 6 11 13 | 13.0
Polearms       | 14 | 14.0
Long Blades    | |  3.8

Action                   |  1- 3 |  4- 6 |  7- 9 | 10-12 | 13-15 | 16-18 || total
-------------------------+-------+-------+-------+-------+-------+-------++-------
Melee: Falchion          |    26 |       |       |       |       |       ||    26
       Kick              |    17 |    10 |    38 |   204 |   584 |   250 ||  1103
       Dagger            |    45 |       |       |       |       |       ||    45
       Peck              |     9 |     6 |    30 |   118 |   355 |   163 ||   681
       Short sword       |     2 |    49 |   157 |   582 |  1066 |   112 ||  1968
       Punch             |       |       |     2 |     8 |    13 |       ||    23
       Trishula          |       |       |       |       |   293 |   647 ||   940
Throw: Throwing net      |       |       |       |     2 |     2 |     1 ||     5
Invok: Berserk           |       |     1 |     3 |     3 |     9 |     3 ||    19
       Trog's Hand       |       |       |     3 |     2 |     5 |     5 ||    15
       Brothers in Arms  |       |       |       |       |     3 |     3 ||     6
Evoke: Wand              |       |       |     4 |     3 |     6 |       ||    13
       Box of beasts     |       |       |       |       |     1 |       ||     1
       Phial of floods   |       |       |       |       |     1 |       ||     1
  Use: Scroll            |     7 |     5 |     4 |     6 |    18 |    16 ||    56
       Potion            |       |       |       |     1 |     4 |     3 ||     8
 Stab: Sleeping          |     5 |       |     4 |     3 |     8 |     2 ||    22
       Distracted        |       |       |     2 |       |     1 |     1 ||     4
       Invisible         |       |       |     2 |       |       |       ||     2
       Petrified         |       |       |       |       |     3 |       ||     3
       Petrifying        |       |       |       |       |     1 |       ||     1
Armor: Animal skin       |    11 |     5 |     5 |       |       |       ||    21
       Leather armour    |       |       |     4 |       |       |       ||     4
       Acid dragon scale |       |       |       |    41 |    76 |       ||   117
       Pearl dragon scal |       |       |       |       |   124 |   174 ||   298
Dodge: Dodged            |    27 |    37 |    95 |   387 |  1049 |   577 ||  2172
Block: Buckler           |       |       |       |       |   114 |     1 ||   115
       Kite shield       |       |       |       |       |       |   366 ||   366

Table legend: (Time is in decaauts)
 A = Elapsed time spent in this place.
 B = Non-inter-level travel time spent in this place.
 C = Inter-level travel time spent in this place.
 D = Time resting spent in this place.
 E = Time spent auto-exploring this place.
 F = Levels seen in this place.
 G = Mean time per level.
                   A        B        C        D        E       F      G
               +--------+--------+--------+--------+--------+-----+--------+
         Total |  24205 |  22601 |   1604 |   2081 |  15871 |  30 |  806.8 |
       Dungeon |  13610 |  12674 |    936 |   1396 |   8952 |  15 |  907.3 |
          Lair |   5165 |   4657 |    508 |    344 |   3531 |   5 | 1033.0 |
         Swamp |   2332 |   2281 |     51 |    264 |   1410 |   4 |  583.0 |
  Orcish Mines |   1210 |   1102 |    108 |     39 |    802 |   2 |  605.0 |
        Bailey |    338 |    338 |      0 |      7 |    201 |   1 |  338.0 |
      Ice Cave |    841 |    841 |      0 |     29 |    549 |   1 |  841.0 |
       Volcano |    160 |    160 |      0 |      0 |     72 |   1 |  160.0 |
      Gauntlet |    545 |    545 |      0 |      0 |    351 |   1 |  545.0 |
               +--------+--------+--------+--------+--------+-----+--------+

Top non-repeatable levels by time:
    D:13: 1474 daAuts
  Lair:5: 1387 daAuts
    D:12: 1345 daAuts
  Lair:1: 1266 daAuts
    D:11: 1188 daAuts
  Lair:4: 1162 daAuts
   Orc:2: 1147 daAuts
    D:14: 1139 daAuts
     D:8: 1038 daAuts
    D:10: 1003 daAuts
 Swamp:1: 947 daAuts
     D:1: 859 daAuts
    D:15: 857 daAuts
   IceCv: 841 daAuts
     D:3: 831 daAuts
